 Dungeon Crawl Stone Soup version 0.26-a0-690-gcb57259078 (webtiles) character file.

Game seed: 11574758426765222967

17185 sahdkjhfkaj the Destroyer (level 12, -20/68 HPs)
             Began as a Deep Elf Conjurer on Oct 23, 2020.
             Was a High Priest of Vehumet.
             Killed from afar by an ice dragon (36 damage)
             ... with a blast of cold
             ... on level 4 of the Lair of Beasts.
             The game lasted 00:36:03 (17631 turns).

sahdkjhfkaj the Destroyer (Deep Elf Conjurer)      Turns: 17631, Time: 00:36:04

Health: -20/68     AC:  6    Str:  4    XL:     12   Next: 16%
Magic:  28/28      EV: 14    Int: 35    God:    Vehumet [*****.]
Gold:   1044       SH:  5    Dex: 13    Spells: 14/31 levels left

rFire    . . .     SeeInvis .   C - +3 trident "Mihisim" {elec, +Inv rElec Stlth-}
rCold    . . .     Faith    .   p - +0 buckler
rNeg     . . .     Spirit   .   K - +2 robe {Archmagi}
rPois    .         Reflect  .   (no helmet)
rElec    +         Harm     .   s - +0 cloak {rCorr}
rCorr    +         Rampage  .   D - +0 pair of gloves
MR       +....                  (no boots)
Stlth    +.........             y - amulet of magic regeneration
HPRegen  0.21/turn              f - +6 ring of intelligence
MPRegen  0.46/turn              E - ring of wizardry

@: very slow
A: no striking features
a: Renounce Religion, Evoke Invisibility


You were on level 4 of the Lair of Beasts.
You worshipped Vehumet.
Vehumet was extremely pleased with you.
You visited 2 branches of the dungeon, and saw 14 of its levels.
You also visited: Ossuary.

You collected 1044 gold pieces.

Inventory:

Hand Weapons
 C - the +3 trident "Mihisim" (weapon) {elec, +Inv rElec Stlth-}
   (You found it on level 5 of the Dungeon)

   Occasionally, upon striking a foe, it will discharge some electrical energy
   and cause terrible harm.
   It insulates you from electricity.
   It lets you turn invisible.
   It makes you less stealthy.
Missiles
 d - 393 stones (quivered)
 h - 60 poisoned darts
 m - 3 throwing nets
Armour
 p - a +0 buckler (worn)
 s - a +0 cloak of preservation (worn)
 D - a +0 pair of gloves (worn)
 K - a +2 robe of the Archmagi (worn)
Jewellery
 f - a +6 ring of intelligence (left hand)
 y - an amulet of magic regeneration (around neck)
 E - a ring of wizardry (right hand)
 I - an uncursed ring of positive energy
 J - an uncursed amulet of regeneration {unknown}
 N - an uncursed ring of protection from fire {unknown}
Wands
 u - a wand of random effects (27)
 H - a wand of iceblast (24)
 L - a wand of polymorph (6)
Scrolls
 a - a scroll of fog
 c - 2 scrolls of immolation
 j - a scroll of amnesia
 k - 3 scrolls of remove curse
 n - 2 scrolls of enchant armour
 q - 4 scrolls of enchant weapon
 A - 2 scrolls of teleportation
 B - 2 scrolls of vulnerability
 G - a scroll of magic mapping
 M - a scroll of acquirement
 O - a scroll of blinking
Potions
 b - 2 potions of flight {!q}
 e - 2 potions of ambrosia {!q, unknown}
 g - 2 potions of heal wounds {!q}
 i - 2 potions of mutation {!q}
 l - 3 potions of cancellation {!q, unknown}
 o - 3 potions of stabbing {!q}
 r - 9 potions of curing {!q}
 t - 3 potions of lignification {!q}
 v - a potion of magic {!q, unknown}
 w - 3 potions of might {!q, unknown}
 x - a potion of haste {!q}
 z - 2 potions of brilliance {!q, unknown}
 F - a potion of resistance {!q, unknown}
 P - a potion of invisibility {!q, unknown}


   Skills:
 - Level 5.0 Fighting
   Level 4.0 Short Blades
 - Level 5.0 Dodging
 - Level 2.4 Stealth
 - Level 4.0 Shields
 - Level 10.0 Spellcasting
 + Level 14.7 Conjurations
 - Level 7.0 Hexes
 - Level 5.0 Translocations
 - Level 5.0 Evocations


You had 14 spell levels left.
You knew the following spells:

 Your Spells              Type           Power        Failure   Level
a - Magic Dart            Conj           ####         0%          1
b - Searing Ray           Conj           ######       0%          2
f - Fulminant Prism       Conj/Hex       #######...   1%          4
C - Conjure Flame         Conj/Fire      #######.     1%          3
E - Dazzling Flash        Conj/Hex       ######       1%          3
M - Iskenderun's Mystic   Conj/Tloc      #######.     1%          4

Your spell library contained the following spells:

 Spells                   Type           Power        Failure   Level
 Bolt of Magma            Conj/Fire/Erth ######....   1%          5
 Foxfire                  Conj/Fire      ####         1%          1
 Summon Small Mammal      Summ           ####         1%          1
 Call Imp                 Summ           ####....     1%          2
 Inner Flame              Hex/Fire       ######..     1%          3
 Summon Guardian Golem    Hex/Summ       ######..     1%          3
 Sticky Flame             Conj/Fire      #######.     1%          4
 Fireball                 Conj/Fire      #######...   1%          5
 Call Canine Familiar     Summ           ####....     3%          3
 Summon Ice Beast         Ice/Summ       ####....     10%         4
 Summon Lightning Spire   Summ/Air       ####....     10%         4


Dungeon Overview and Level Annotations

Branches:
Dungeon (10/15)            Temple (0/1) D:7            Lair (4/6) D:9
  Swamp (0/4) Lair:3        Snake (0/4) Lair:3      Ossuary (visited)
    Orc: D:9-12

Altars:
Cheibriados
Dithmenos
Elyvilon
Hepliaklqana
Kikubaaqudgha
Makhleb
Nemelex Xobeh
Okawaru
Qazlal
Ru
Trog
Uskayaw
Vehumet

Shops:
D:7 =


Message History

You feel a surge of power!
The searing ray hits the bullfrog!
The bullfrog is moderately wounded. (Press . to maintain the ray.)
The bullfrog hits you.
* * * LOW HITPOINT WARNING * * *
You block the bullfrog's attack.
The searing ray hits the bullfrog!
You kill the bullfrog!
Vehumet accepts your kill.
Unknown command.
You enter the shallow water.
Moving in this stuff is going to be slow.
The ice dragon breathes frost at you. The blast of cold hits you!!
* * * LOW HITPOINT WARNING * * *
You hear a shout!
You hear a roar!
The ice dragon breathes frost at you. The blast of cold hits you!!!
Ouch! That really hurt!
You die...

#.#.####.........
# # .........
#........
#........
#........
#####D.......
#............
####.≈°≈≈≈.....
#..†.°@##≈.....
####.°###≈.....
#.≈≈≈≈≈.....
#............
####.#.##....
####


You could see an ice dragon (catching breath).

Vanquished Creatures
  A hydra (Lair:2)
  A boulder beetle (Lair:3)
  A two-headed ogre (D:8)
  2 black mambas
  7 cane toads
  7 komodo dragons
  A troll (D:9)
  A polar bear (Lair:4)
  2 bog bodies (Lair:3)
  7 wyverns
  6 yaks (Lair:2)
  3 basilisks
  A soldier ant (D:10)
  3 nagas (Lair:3)
  A swamp worm (Lair:3)
  Menkaure (D:4)
  6 water moccasins
  2 ice beasts
  A black bear (D:8)
  2 necrophages (D:8)
  5 orc warriors
  3 sky beasts
  2 phantoms
  12 wolves
  3 centaurs
  2 ogres
  A big kobold (D:9)
  11 bullfrogs
  A wyvern zombie (D:8)
  5 scorpions
  8 killer bees
  10 wights
  An electric eel (Lair:3)
  2 howler monkeys
  2 bullfrog zombies
  A centaur zombie (Ossuary)
  7 crimson imps (D:8)
  A jelly (D:7)
  7 hounds
  5 orc wizards
  4 orc priests
  Crazy Yiuf (D:3)
  A bullfrog skeleton (D:8)
  3 centaur skeletons
  An iguana (D:4)
  A statue (D:5)
  3 worker ants
  2 big kobold zombies (Ossuary)
  A hound zombie (D:6)
  A hound skeleton (D:4)
  5 mummies
  Robin (D:4)
  12 adders
  7 gnolls
  3 shadow imps
  8 white imps
  2 ufetubi (D:7)
  2 adder zombies (D:9)
  An adder skeleton (D:5)
  3 worms
  5 dart slugs
  4 leopard geckos
  62 orcs
  9 bats
  2 giant cockroaches
  14 goblins
  14 hobgoblins
  8 jackals
  14 kobolds
  2 quokkas
  4 ball pythons
  8 frilled lizards
  A goblin zombie (Ossuary)
  2 kobold zombies
  4 orc zombies
  A quokka zombie (D:6)
  6 rats
367 creatures vanquished.

Vanquished Creatures (others)
  A human (D:7)
  34 fulminant prisms
  18 fungi
  19 plants
72 creatures vanquished.

Grand Total: 439 creatures vanquished

Notes
Turn   | Place    | Note
-------+----------+-------------------------------------------
     0 | D:1      | sahdkjhfkaj the Deep Elf Conjurer began the quest for the
                  | Orb.
     0 | D:1      | Reached XP level 1. HP: 10/10 MP: 6/6
   202 | D:1      | Reached XP level 2. HP: 15/15 MP: 5/8
   230 | D:1      | Learned a level 2 spell: Searing Ray
   391 | D:1      | Reached skill level 5 in Conjurations
   728 | D:1      | Reached XP level 3. HP: 19/19 MP: 5/10
  1403 | D:2      | Found a hide-covered altar of Uskayaw.
  1405 | D:2      | Found a shadowy altar of Dithmenos.
  1406 | D:2      | Found a bloodstained altar of Trog.
  1412 | D:2      | Reached skill level 1 in Short Blades
  1724 | D:2      | Reached XP level 4. HP: 24/24 MP: 9/12
  3164 | D:3      | Found a runed translucent door.
  3165 | D:3      | Noticed Crazy Yiuf
  3488 | D:3      | Reached XP level 5. HP: 24/28 MP: 8/13
  3934 | D:3      | Killed Crazy Yiuf
  4079 | D:4      | Noticed a phantom
  4087 | D:4      | Killed a phantom
  4087 | D:4      | Reached skill level 5 in Spellcasting
  4087 | D:4      | Reached skill level 6 in Conjurations
  4087 | D:4      | Reached XP level 6. HP: 32/32 MP: 7/15
  4316 | D:4      | Found an iron altar of Okawaru.
  4595 | D:4      | Noticed Robin
  4734 | D:4      | Killed Robin
  4902 | D:4      | Found a sacrificial altar of Ru.
  4930 | D:4      | Noticed Menkaure
  4950 | D:4      | Killed Menkaure
  4950 | D:4      | Reached skill level 7 in Conjurations
  4950 | D:4      | Reached XP level 7. HP: 36/36 MP: 14/18
  4956 | D:4      | Learned a level 4 spell: Fulminant Prism
  4961 | D:4      | Learned a level 4 spell: Iskenderun's Mystic Blast
  4965 | D:4      | Learned a level 3 spell: Dazzling Flash
  5192 | D:4      | Got a steaming hand axe
  5193 | D:4      | Identified the +7 hand axe of Mayhem {protect, Dex+2} (You
                  | found it on level 4 of the Dungeon)
  5209 | D:5      | Entered Level 5 of the Dungeon
  5247 | D:5      | Found a sand-covered staircase.
  5254 | Ossuary  | Entered an ossuary
  5530 | Ossuary  | Reached skill level 1 in Shields
  6342 | D:5      | Got a steaming trident
  6343 | D:5      | Identified the +3 trident "Mihisim" {elec, +Inv rElec
                  | Stlth-} (You found it on level 5 of the Dungeon)
  6381 | D:5      | Found a burning altar of Makhleb.
  6381 | D:5      | Noticed a balrug
  6494 | D:5      | Found a radiant altar of Vehumet.
  6640 | D:5      | Became a worshipper of Vehumet
  6900 | D:5      | Noticed a smoke demon
  6900 | D:5      | Noticed an orange demon
  7273 | D:6      | Reached XP level 8. HP: 41/41 MP: 14/19
  7522 | D:6      | Reached skill level 5 in Dodging
  7522 | D:6      | Reached skill level 1 in Fighting
  7733 | D:6      | Reached * piety under Vehumet
  7733 | D:6      | Offered knowledge of Sandblast by Vehumet.
  8243 | D:7      | Found an ancient bone altar of Kikubaaqudgha.
  8408 | D:7      | Reached skill level 5 in Evocations
  8434 | D:7      | Found a staircase to the Ecumenical Temple.
  8483 | D:7      | You fall into a shaft and drop 1 floor!
  8483 | D:8      | Noticed a two-headed ogre
  8635 | D:7      | Found Ojoca's Jewellery Shop.
  8947 | D:7      | Reached XP level 9. HP: 49/50 MP: 18/20
  9353 | D:8      | Learned a level 3 spell: Conjure Flame
  9431 | D:8      | Killed a two-headed ogre
  9431 | D:8      | Offered knowledge of Freeze by Vehumet.
  9431 | D:8      | Reached skill level 5 in Fighting
  9467 | D:8      | Reached ** piety under Vehumet
  9471 | D:8      | Reached skill level 5 in Hexes
  9663 | D:8      | Found a white marble altar of Elyvilon.
  9663 | D:8      | Found a sparkling altar of Nemelex Xobeh.
  9665 | D:8      | Reached skill level 1 in Translocations
  9678 | D:8      | Found a burning altar of Makhleb.
  9680 | D:8      | Found a hazy altar of Hepliaklqana.
  9681 | D:8      | Found a stormy altar of Qazlal.
  9751 | D:8      | Found a snail-covered altar of Cheibriados.
  9859 | D:8      | Reached XP level 10. HP: 53/59 MP: 14/22
  9861 | D:8      | Offered knowledge of Ignite Poison by Vehumet.
 10299 | D:9      | Reached skill level 5 in Translocations
 10429 | D:9      | Found a staircase to the Lair.
 10455 | D:9      | Reached *** piety under Vehumet
 11096 | D:10     | Entered Level 10 of the Dungeon
 11277 | Lair:1   | Entered Level 1 of the Lair of Beasts
 11594 | D:10     | Reached skill level 10 in Spellcasting
 11694 | D:10     | Offered knowledge of Static Discharge by Vehumet.
 12448 | D:10     | Reached skill level 8 in Conjurations
 12548 | D:10     | Got a brightly glowing falchion
 12549 | D:10     | Identified the +1 falchion "Atoafere" {vorpal, rF++} (You
                  | found it on level 10 of the Dungeon)
 12800 | D:10     | Reached skill level 9 in Conjurations
 12835 | D:10     | Reached **** piety under Vehumet
 13062 | Lair:1   | Noticed a cane toad
 13066 | Lair:1   | Killed a cane toad
 13100 | Lair:1   | Noticed a cane toad
 13104 | Lair:1   | Killed a cane toad
 13346 | Lair:1   | Noticed a black mamba
 13350 | Lair:1   | Killed a black mamba
 13350 | Lair:1   | Reached skill level 10 in Conjurations
 13350 | Lair:1   | Reached XP level 11. HP: 63/63 MP: 16/27
 13923 | Lair:1   | You fall into a shaft and drop 1 floor!
 13932 | Lair:2   | Offered knowledge of Iskenderun's Battlesphere by Vehumet.
 13941 | Lair:2   | Noticed a six-headed hydra
 14211 | Lair:2   | Reached skill level 11 in Conjurations
 14514 | Lair:2   | Killed a six-headed hydra
 14610 | Lair:2   | Reached skill level 12 in Conjurations
 15280 | Lair:2   | Identified a scroll of acquirement
 15351 | Lair:3   | Reached skill level 13 in Conjurations
 15641 | Lair:3   | Noticed a boulder beetle
 15652 | Lair:3   | Killed a boulder beetle
 16206 | Lair:3   | Reached skill level 14 in Conjurations
 16260 | Lair:3   | Found a staircase to the Snake Pit.
 16688 | Lair:3   | Reached XP level 12. HP: 46/68 MP: 18/28
 17048 | Lair:3   | Found a staircase to the Swamp.
 17182 | Lair:4   | Reached ***** piety under Vehumet
 17194 | Lair:4   | Offered knowledge of Bolt of Magma by Vehumet.
 17274 | Lair:4   | Noticed an eight-headed hydra
 17618 | Lair:4   | Noticed an ice dragon
 17631 | Lair:4   | Killed from afar by an ice dragon

Illustrated notes

Levels and vault maps discovered:
D:1:      dpeg_arrival_court, layout_basic
D:2:      layout_loops_ring, chequers_temple_overflow_statue_of_worship
D:3:      layout_basic, corexii_leaking_fountain, uniq_crazy_yiuf_cottage
D:4:      layout_gridville, nicolae_ru_sacrificial_ziggurat,
          okawaru_ov_weapons_minmay, uniq_menkaure, uniq_robin
D:5:      layout_loops_ring, vehumet_statue, nicolae_ossuary_entry_giza,
          makhleb_altar_promises_db
D:6:      layout_loops_ring, minmay_diced_spiral
D:7:      layout_basic, minmay_temple_entry_mini_moons, serial_shops, shop,
          minmay_misc_feat_hallway, tgw_kikubaaqudgha
D:8:      layout_rooms, lemuel_round_altar, chequers_temple_overflow_minitemple,
          minmay_nine_imps
D:9:      layout_basic, lair_entry_dummy, serial_bayou_pond_e
D:10:     layout_roguey [special_room_orc]
Lair:1:   layout_gridlike
Lair:2:   layout_chaotic_city, chequers_serial_rivers_micro_d,
          serial_bayou_shore_b, grunt_megastairs_5
Lair:3:   layout_gridlike, nicolae_swamp_entry_splash_gauntlet,
          minmay_snake_entry_guardpost_medium, infiniplex_staircase_pool_2
Lair:4:   layout_gridlike, ice2_lemuel

Skill      XL: |  1  2  3  4  5  6  7  8  9 10 11 |
---------------+----------------------------------+-----
Conjurations   | 5 6 7 10 14 | 14.7
Spellcasting   | 4 5 6 7 10 | 10.0
Short Blades   | 1 2 3 4 |  4.0
Shields        | 4 |  4.0
Dodging        | 5 |  5.0
Fighting       | 3 5 |  5.0
Evocations     | 5 |  5.0
Hexes          | 7 |  7.0
Translocations | 3 5 |  5.0
Stealth        | |  2.4

Action                   |  1- 3 |  4- 6 |  7- 9 | 10-12 || total
-------------------------+-------+-------+-------+-------++-------
Melee: Short sword       |     3 |    34 |       |       ||    37
       Hand axe          |       |       |    12 |       ||    12
       Trident           |       |       |    36 |    53 ||    89
 Cast: Magic Dart        |    31 |     1 |       |     3 ||    35
       Searing Ray       |    17 |    46 |    78 |    91 ||   232
       Iskenderun's Myst |       |       |     3 |    60 ||    63
       Fulminant Prism   |       |       |     1 |    33 ||    34
       Conjure Flame     |       |       |     2 |    10 ||    12
Evoke: Wand              |       |       |       |     1 ||     1
  Use: Scroll            |     2 |     4 |    13 |    12 ||    31
       Potion            |       |       |     1 |     2 ||     3
 Stab: Sleeping          |     2 |     1 |     1 |       ||     4
       Distracted        |       |       |     1 |       ||     1
Armor: Robe              |     5 |    13 |    12 |    33 ||    63
Dodge: Dodged            |    14 |    60 |    85 |   128 ||   287
Block: Buckler           |       |       |    27 |    59 ||    86

Table legend: (Time is in decaauts)
 A = Elapsed time spent in this place.
 B = Non-inter-level travel time spent in this place.
 C = Inter-level travel time spent in this place.
 D = Time resting spent in this place.
 E = Time spent auto-exploring this place.
 F = Levels seen in this place.
 G = Mean time per level.
                   A        B        C        D        E       F      G
               +--------+--------+--------+--------+--------+-----+--------+
         Total |  17676 |  16871 |    805 |   3703 |  10596 |  15 | 1178.4 |
       Dungeon |  12436 |  11816 |    620 |   1939 |   7975 |  10 | 1243.6 |
          Lair |   4602 |   4417 |    185 |   1360 |   2551 |   4 | 1150.5 |
       Ossuary |    637 |    637 |      0 |    404 |     70 |   1 |  637.0 |
               +--------+--------+--------+--------+--------+-----+--------+

Top non-repeatable levels by time:
  Lair:3: 2356 daAuts
     D:9: 2048 daAuts
     D:3: 1622 daAuts
     D:2: 1233 daAuts
     D:1: 1211 daAuts
  Lair:2: 1179 daAuts
     D:6: 1156 daAuts
     D:4: 1137 daAuts
     D:5: 1116 daAuts
     D:7: 1009 daAuts
     D:8: 1004 daAuts
    D:10: 895 daAuts
  Lair:1: 884 daAuts
 Ossuary: 637 daAuts
  Lair:4: 182 daAuts
